 Dungeon Crawl Stone Soup version 0.32-a0-589-g2d1f746 (webtiles) character file.

Game seed: 16120740530469393585

2804 UltraDraconian the Mimic (level 9, -2/118 HPs)
             Began as a Purple Draconian Shapeshifter on Mar 2, 2024.
             Was an Initiate of Wu Jian.
             Killed by divine providence
             ... invoked by an orc priest
              (10 damage)
             ... on level 8 of the Dungeon.
             The game lasted 00:10:37 (6996 turns).

UltraDraconian the Mimic (DrSh)                     Turns: 6996, Time: 00:10:38

Health: -2/118     AC: 24    Str: 16    XL:     9   Next: 44%
Magic:  9/9        EV:  2    Int: 11    God:    Wu Jian [......]
Gold:   249        SH:  0    Dex: 15    Spells: 8/8 levels left

rFire   . .          .
                       - Unarmed
rCold   . . .        (no shield)
rNeg    . . .        (body armour unavailable)
rPois   +            (helmet currently unavailable)
rElec   .            (cloak currently unavailable)
rCorr   +            (gloves currently unavailable)
SInv    .            (boots currently unavailable)
Will    ++...        t - amulet of the acrobat
Stlth   +            d - ring of willpower
HPRegen 0.39/turn    j - ring of resist corrosion
MPRegen 0.11/turn

%: acrobat
@: tree-form, studying Alchemy
A: stationary, stasis, torment immunity, boosted hp, (nullifying breath), AC +7,
unfitting armour, (cold-blooded)
a: Renounce Religion


You were on level 8 of the Dungeon.
You worshipped Wu Jian.
Wu Jian was noncommittal.
You were a tree.
You visited 2 branches of the dungeon, and saw 9 of its levels.

You collected 424 gold pieces.
You spent 175 gold pieces at shops.

Inventory:

Missiles
 x - 2 javelins (quivered)
Armour
 B - a scarf of resistance
 F - a +0 cloak
Jewellery
 d - a ring of willpower (left branch)
 i - a ring of ice
 j - a ring of resist corrosion (right branch)
 t - an amulet of the acrobat (around neck)
 v - an amulet of guardian spirit
 w - an amulet of magic regeneration
Talismans
 b - a beast talisman
 c - a flux talisman
 r - a serpent talisman (active)
Wands
 s - a wand of charming (7)
 E - a wand of flame (18)
Scrolls
 f - 4 scrolls of teleportation {unknown}
 g - 8 scrolls of identify
 k - 3 scrolls of revelation {unknown}
 m - 3 scrolls of noise {unknown}
 o - 2 scrolls of butterflies {unknown}
 p - 5 scrolls of vulnerability {unknown}
 q - 2 scrolls of immolation {unknown}
 u - a scroll of fear {unknown}
 y - 2 scrolls of blinking
 z - a scroll of fog {unknown}
 D - a scroll of brand weapon {unknown}
 G - a scroll of enchant weapon {unknown}
Potions
 e - 2 potions of attraction
 h - 6 potions of curing
 l - a potion of haste
 n - a potion of brilliance
 A - a potion of invisibility
 C - 2 potions of ambrosia
 H - a potion of enlightenment {unknown}


   Skills:
 * Level 7.2 Fighting
 - Level 1.7 Dodging
 + Level 5.5 Unarmed Combat
 - Level 10.0 Shapeshifting


You had 8 spell levels left.
You didn't know any spells.
Your spell library contained the following spells:

 Spells                   Type           Power      Damage    Failure   Level
 Ensorcelled Hibernation  Hex/Ice        0%         N/A       47%         2
 Mercury Vapours          Alch/Air       0%         N/A       47%         2
 Fugue of the Fallen      Necr           0%         N/A       71%         3
 Mephitic Cloud           Conj/Alch/Air  0%         N/A       71%         3
 Anguish                  Hex/Necr       0%         N/A       98%         4
 Summon Blazeheart Golem  Fire/Summ      0%         N/A       98%         4
 Freezing Cloud           Conj/Ice/Air   0%         6-21      100%        5
 Orb of Destruction       Conj           0%         9d5       100%        7
 Spellforged Servitor     Conj/Summ      0%         N/A       100%        7


Dungeon Overview and Level Annotations

Branches:
Dungeon (8/15) Zot: 26805  Temple (1/1) D:7 Zot: 5961
   Lair: D:8-11

Altars:
Ashenzari
Cheibriados
Dithmenos
Elyvilon
Fedhas
Gozag
Hepliaklqana
Kikubaaqudgha
Makhleb
Nemelex Xobeh
Okawaru
Qazlal
Ru
Sif Muna
Trog
Uskayaw
Vehumet
Wu Jian
Xom
Yredelemnul
Zin
The Shining One

Shops:
D:4 ?[([


Innate Abilities, Weirdness & Mutations

You are a tree.
Your roots penetrate the ground, keeping you stationary.
You cannot be teleported.
You are immune to unholy pain and torment.
Your maximum health is greatly increased.
Your equipment is partially melded.
((You can breathe blasts of antimagic.))
((Your rich purple scales are hard. (AC +7)))
You cannot fit into any form of body armour.
((You are cold-blooded and may be slowed by cold attacks.))


Message History

Okay, then.
The orc warrior barely misses you.
The orc priest looks satisfied for a moment.
Your transformation has ended.
You turn into a tree.
Your roots penetrate the ground.
The orc warrior hits you with a +0 trident.
* * * LOW HITPOINT WARNING * * *
The orc priest mumbles some strange prayers to Beogh against you.
Beogh smites you!
* * * LOW HITPOINT WARNING * * *
Now you have [13/118] HP You hit the orc warrior but do no damage.
The orc warrior hits you but does no damage.
You smack the orc warrior!
The orc warrior is moderately wounded.
You hit the orc warrior but do no damage.
The orc warrior is moderately wounded.
The orc warrior hits you but does no damage.
You hit the orc warrior but do no damage.
The orc warrior is moderately wounded.
The orc warrior hits you but does no damage.
The orc priest calls upon Beogh to heal the orc warrior.
The orc warrior is healed somewhat.
You hit the orc warrior.
The orc warrior is moderately wounded.
The orc warrior hits you but does no damage.
The orc priest hits you but does no damage.
Unknown command.
You hit the orc warrior but do no damage.
The orc warrior is moderately wounded.
The orc warrior hits you but does no damage.
The orc priest hits you but does no damage.
Unknown command.
You hit the orc warrior but do no damage.
The orc warrior is moderately wounded.
The orc warrior hits you with a +0 trident!
* * * LOW HITPOINT WARNING * * *
The orc priest invokes the aid of Beogh against you.
Beogh smites you!
You die...

..##.....# #...c.#.~≈~
..###....## ......≈#
..#.......#######....~#
..#..........##...)..~#
.....................~#######~
............##...###.~~~~~~~~~
...........##.##..##..........
.................###..#.......
................♣o##.........#
.......#....##..#o†)?.........
.......#.......#####.###......
.........##.... #..# ......
..........##.#. ##o.# .....
......<........ ..... .....
.....##.###..#. ..##.#.?.##.
....## .# # ... ... ## ...
....# .# .. o... ..


You could see an orc warrior and an orc priest.

Vanquished Creatures
  Sigmund (D:3)
  Eustachio (D:4)
  2 water moccasins
  2 black bears
  A sky beast (D:7)
  3 ogres
  4 centaurs
  A kobold brigand (D:4)
  Blork the orc (D:4)
  3 bullfrogs
  A scorpion (D:6)
  9 killer bees (D:8)
  4 howler monkeys
  A bombardier beetle (D:3)
  A jelly (D:7)
  5 hounds
  An orc priest (D:8)
  Crazy Yiuf (D:7)
  2 orc wizards
  2 gnolls
  5 adders
  A shadow imp (D:7)
  2 white imps
  2 ufetubi (D:7)
  19 orcs
  8 ball pythons
  7 bats
  10 endoplasms
  2 giant cockroaches
  5 goblins
  12 hobgoblins
  5 quokkas
  10 kobolds
  7 rats
141 creatures vanquished.

Notes
Turn   | Place    | Note
-------+----------+-------------------------------------------
     0 | D:1      | UltraDraconian the Draconian Shapeshifter began the quest
                  | for the Orb.
     0 | D:1      | Reached XP level 1. HP: 16/16 MP: 1/1
   160 | D:1      | Reached XP level 2. HP: 14/23 MP: 2/2
   452 | D:1      | Reached skill level 4 in Shapeshifting
   461 | D:1      | Reached XP level 3. HP: 18/28 MP: 3/3
  1673 | D:3      | Noticed Sigmund
  1791 | D:3      | Reached XP level 4. HP: 29/35 MP: 4/4
  2105 | D:3      | Reached skill level 5 in Shapeshifting
  2319 | D:3      | Killed Sigmund
  2320 | D:3      | Reached skill level 6 in Shapeshifting
  2320 | D:3      | Reached XP level 5. HP: 39/40 MP: 5/5
  2320 | D:3      | Reached XP level 6. HP: 45/47 MP: 6/6
  2654 | D:3      | Reached skill level 7 in Shapeshifting
  2781 | D:4      | Noticed Eustachio
  2788 | D:4      | Killed Eustachio
  2789 | D:4      | Your scales start taking on a rich purple colour.
  2789 | D:4      | Reached XP level 7. HP: 42/52 MP: 7/7
  2861 | D:4      | Found Nuffaog's Armour Shoppe.
  2866 | D:4      | Found Xakhlopni's Weapon Emporium.
  2866 | D:4      | Noticed Blork the orc
  2896 | D:4      | Killed Blork the orc
  3115 | D:4      | Reached skill level 8 in Shapeshifting
  3243 | D:4      | Found Jupemimm's Armour Shop.
  3538 | D:4      | Found Woihueh's Magic Scroll Boutique.
  3541 | D:4      | Bought a scroll of identify for 26 gold pieces
  3541 | D:4      | Bought a scroll of identify for 26 gold pieces
  3541 | D:4      | Bought a scroll of identify for 26 gold pieces
  3541 | D:4      | Bought a scroll of blinking for 97 gold pieces
  3670 | D:5      | Entered Level 5 of the Dungeon
  4280 | D:5      | Reached skill level 9 in Shapeshifting
  4280 | D:5      | Reached XP level 8. HP: 30/59 MP: 8/8
  4779 | D:6      | Found a shadowy altar of Dithmenos.
  5070 | D:6      | Reached skill level 10 in Shapeshifting
  5284 | D:6      | Found a hide-covered altar of Uskayaw.
  5843 | D:7      | Reached skill level 5 in Fighting
  5843 | D:7      | Reached XP level 9. HP: 74/74 MP: 9/9
  6265 | D:7      | Found a staircase to the Ecumenical Temple.
  6281 | D:7      | Found a runed translucent door.
  6282 | D:7      | Noticed Crazy Yiuf
  6348 | Temple   | Entered the Ecumenical Temple
  6367 | Temple   | Became a worshipper of the Wu Jian Council
  6719 | D:7      | Killed Crazy Yiuf
  6895 | D:8      | Reached skill level 5 in Unarmed Combat
  6996 | D:8      | Killed from afar by an orc priest

Illustrated notes

Levels and vault maps discovered:
D:1:      minmay_arrival_stair_chambers, layout_rooms
D:2:      layout_loops_ring, minivault_5, serial_bayou_crossing
D:3:      minmay_recursive_quarters, layout_basic, serial_rivers,
          chequers_serial_rivers_small_b, chequers_serial_rivers_room_a,
          chequers_serial_rivers_small_3, chequers_serial_rivers_micro_b,
          chequers_serial_rivers_room_a, uniq_sigmund
D:4:      layout_rooms, serial_shops, nicolae_shop_crystal,
          nicolae_shop_rolled_up, nicolae_shop_peninsula, shop,
          minmay_pentangle, uniq_blork_the_orc, uniq_eustachio
D:5:      layout_rooms
D:6:      layout_basic, mainiacjoe_overflow_alcove_1,
          nicolae_dithmenos_the_darkroom
D:7:      nicolae_whirlpool, layout_layer_cave, minmay_temple_entry_trees,
          minmay_manual_maat, uniq_crazy_yiuf_cottage
D:8:      layout_cave_pools, enter_bailey_4, minivault_21
Temple:   nicolae_temple_slightly_damp_pantheon

Skill      XL: |  1  2  3  4  5  6  7  8  9 |
---------------+----------------------------+-----
Shapeshifting  | 4 6 7 9 10 | 10.0
Fighting       | 5 7 |  7.2
Unarmed Combat | 4 5 |  5.5
Dodging        | |  1.7

Action                     |  1- 3 |  4- 6 |  7- 9 || total
---------------------------+-------+-------+-------++-------
  Melee: Unarmed           |   119 |    78 |   268 ||   465
         Tailslap          |    17 |    11 |    21 ||    49
         Punch             |     2 |     1 |     2 ||     5
         Constrict         |       |       |    25 ||    25
Ability: Nullifying Breath |       |       |     2 ||     2
         Lunge             |       |       |     3 ||     3
    Use: Potion            |       |     1 |     2 ||     3
         Scroll            |       |       |     7 ||     7
   Stab: Sleeping          |     1 |       |       ||     1
 Armour: Skin              |    54 |    48 |   215 ||   317
  Dodge: Dodged            |    60 |    62 |   178 ||   300
   Form: Serpent           |     1 |     1 |     1 ||     3
         Beast             |     1 |     1 |       ||     2

Table legend: (Time is in decaauts)
 A = Elapsed time spent in this place.
 B = Non-inter-level travel time spent in this place.
 C = Inter-level travel time spent in this place.
 D = Time resting spent in this place.
 E = Time spent auto-exploring this place.
 F = Levels seen in this place.
 G = Mean time per level.
                   A        B        C        D        E       F      G
               +--------+--------+--------+--------+--------+-----+--------+
         Total |   6985 |   6519 |    466 |    396 |   4882 |   9 |  776.1 |
       Dungeon |   6946 |   6516 |    430 |    396 |   4882 |   8 |  868.2 |
        Temple |     38 |      2 |     36 |      0 |      0 |   1 |   38.0 |
               +--------+--------+--------+--------+--------+-----+--------+

Top non-repeatable levels by time:
     D:3: 1348 daAuts
     D:7: 1118 daAuts
     D:4: 1099 daAuts
     D:6: 1081 daAuts
     D:2: 832 daAuts
     D:5: 768 daAuts
     D:1: 504 daAuts
     D:8: 194 daAuts
  Temple: 38 daAuts
